 Dungeon Crawl Stone Soup version 0.30-a0-1161-g0704695555 (webtiles) character file.

Game seed: 5896456064923559329

42 kae the Changer (level 3, 0/26 HPs)
             Began as a Merfolk Transmuter on Apr 27, 2023.
             Succumbed to an adder's poison
             ... on level 2 of the Dungeon.
             The game lasted 00:00:50 (988 turns).

kae the Changer (Merfolk Transmuter)                 Turns: 988, Time: 00:00:51

Health: 0/26       AC:  2    Str:  8 (10) XL:     3   Next: 56%
Magic:  6/6        EV: 12    Int: 11 (14) God:
Gold:   84         SH:  0    Dex: 12 (14) Spells: 1/7 levels left

rFire   . .          .
                       - Unarmed
rCold   . . .        (no shield)
rNeg    . . .        a - +0 robe
rPois   .            c - melded +1 helmet
rElec   .            (no cloak)
rCorr   .            (no gloves)
SInv    .            (boots currently unavailable)
Will    .....        (no amulet)
Stlth   +            (no ring)
HPRegen 0.24/turn    (no ring)
MPRegen 0.10/turn

%: no passive effects
@: lethally poisoned (0 -> -7), appendages (expiring)
A: horns 2, (nimble swimmer 2), mertail
a: End Transformation


You were on level 2 of the Dungeon.
You had temporarily grown beastly horns.
You visited 1 branch of the dungeon, and saw 2 of its levels.

You collected 84 gold pieces.


Innate Abilities, Weirdness & Mutations

You have temporarily grown beastly horns.
((You are very nimble when in or above water. (Stealth+, EV+, Speed+++)))
Your lower body shifts to a powerful aquatic tail in water.


   Skills:
 - Level 1.1 Fighting
 - Level 2.6 Dodging
 - Level 3.2 Unarmed Combat
 + Level 2.6 Spellcasting
 + Level 3.6 Transmutations
 + Level 1.8 Poison Magic


You had one spell level left.
You knew the following spells:

 Your Spells              Type           Power      Damage    Failure   Level
a - Beastly Appendage     Tmut           18%        N/A       6%          1
b - Wereblood             Tmut           9%         N/A       10%         2
c - Spider Form           Tmut/Pois      7%         N/A       26%         3

Your spell library contained the following spells:

 Spells                   Type           Power      Damage    Failure   Level
 Ice Form                 Ice/Tmut       5%         N/A       78%         4

Inventory:

Missiles
 f - 6 poisoned darts
 h - 11 stones
Armour
 a - a +0 robe (worn)
 c - a +1 helmet (melded)
   (You found it on level 1 of the Dungeon)
Scrolls
 d - 2 scrolls of identify {@r1}
 e - 2 scrolls of enchant weapon
Potions
 b - a potion of lignification {!q}
 g - 2 potions of resistance
 i - a potion of brilliance {unknown}

Dungeon Overview and Level Annotations

Branches:
Dungeon (2/15) Zot: 11016

Altars:

....)....#
.........#
.........#
.........#
.........# #####
.........# #... #
.......).###.##.####
##+######...........
#.##@.......
#.##....##.#
#..........#
###.#...#### #.
<#... ## ...... .#
.... .# ....


There were no monsters in sight!


Message History

An endoplasm comes into view.
A goblin comes into view. It is wielding a +0 dagger.
The endoplasm quivers.
Casting: Beastly Appendage (safe; 5% risk of failure)
Confirm with . or Enter, or press ? or * to list all spells.
You grow a pair of large bovine horns.
Your +1 helmet melds into your body.
The goblin shouts!
A giant cockroach comes into view. 😎 MP[-1]
You lost 1 mp, and now have 5/6 mp.
The frilled lizard hisses angrily.
You hit the endoplasm. The endoplasm closely misses you.
There are monsters nearby!
You hit the endoplasm.
You kill the endoplasm!
You hit the goblin.
You kill the goblin!
There are monsters nearby!
You hit the giant cockroach.
You kill the giant cockroach!
You barely miss the frilled lizard.
Your headbutt misses the frilled lizard.
A frilled lizard is nearby!
Unknown command.
A frilled lizard is nearby!
You hit the frilled lizard but do no damage.
Your headbutt misses the frilled lizard.
The frilled lizard bites you but does no damage.
You closely miss the frilled lizard.
The frilled lizard closely misses you. 😎 MP[+1]
Your mp is fully restored (6).
A frilled lizard is nearby!
You hit the frilled lizard.
You kill the frilled lizard!
No target in view!
You see here a +0 dagger.
You now have 84 gold pieces (gained 10).
Your transformation is almost over.
An adder comes into view.
An adder is nearby!
An adder is nearby!
An adder is nearby!
Found a stone staircase leading up.
The adder hisses angrily.
Casting: Beastly Appendage (safe; 5% risk of failure)
Confirm with . or Enter, or press ? or * to list all spells.
You extend your transformation's duration.
The adder bites you.
The adder closely misses you. 😕 HP[-2] MP[-1]
You take 2 damage, and now have 24/26 hp.
You lost 1 mp, and now have 5/6 mp.
You closely miss the adder. The adder misses you.
You hit the adder. The adder bites you. 😕 HP[-4]
You take 4 damage, and now have 20/26 hp.
You barely miss the adder. The adder bites you but does no damage.
You hit the adder but do no damage. The adder bites you. x2
You are poisoned.
The adder poisons you! 😮 HP[-4]
You take 4 damage, and now have 16/26 hp.
You are too injured to fight recklessly!
You are too injured to fight recklessly!
You hit the adder. Your headbutt misses the adder.
You feel sick. The adder barely misses you. 😮 HP[-2]
You take 2 damage, and now have 14/26 hp.
Unknown command.
You hit the adder but do no damage.
You feel sick. The adder bites you.
* * * LOW HITPOINT WARNING * * *
You are more poisoned.
The adder poisons you! 😨 HP[-2]
You take 2 damage, and now have 12/26 hp.
You barely miss the adder.
You feel sick. The adder bites you.
* * * LOW HITPOINT WARNING * * *
You are lethally poisoned!
The adder poisons you! 😨 HP[-3]
You take 3 damage, and now have 9/26 hp.
You miss the adder.
Your transformation is almost over.
* * * LOW HITPOINT WARNING * * *
You feel very sick. The adder bites you.
* * * LOW HITPOINT WARNING * * *
The adder bites you but does no damage. 😱 HP[-4]
You take 4 damage, and now have 5/26 hp.
You barely miss the adder. You headbutt the adder.
You kill the adder!
* * * LOW HITPOINT WARNING * * *
You feel very sick. 😱 HP[-3] MP[+1]
You take 3 damage, and now have 2/26 hp.
Your mp is fully restored (6).
It was a potion of degeneration.
There was something very wrong with that liquid.
You feel weakened.
You feel dopey.
You feel clumsy.
You die...

Skill      XL: |  1  2 |
---------------+-------+-----
Transmutations | 3 |  3.6
Poison Magic   | 1 |  1.8
Fighting       | |  1.1
Dodging        | |  2.6
Unarmed Combat | |  3.2
Spellcasting   | |  2.6

Action                     || total
---------------------------++-------
  Melee: Unarmed           ||    61
         Punch             ||     4
         Headbutt          ||     7
   Cast: Beastly Appendage ||    15
    Use: Scroll            ||     2
         Potion            ||     1
   Stab: Sleeping          ||     1
 Armour: Robe              ||    14
  Dodge: Dodged            ||    31

Levels and vault maps discovered:
D:1:      minmay_arrival_open_corners, layout_basic
D:2:      layout_basic

Notes
Turn   | Place    | Note
-------+----------+-------------------------------------------
     0 | D:1      | kae the Merfolk Transmuter began the quest for the Orb.
     0 | D:1      | Reached XP level 1. HP: 15/15 MP: 3/3
     0 | D:1      | magus.rc [v1.11.3]
   130 | D:1      | Reached skill level 3 in Transmutations
   132 | D:1      | Reached XP level 2. HP: 16/21 MP: 3/5
   262 | D:1      | Reached skill level 1 in Poison Magic
   805 | D:2      | Reached XP level 3. HP: 20/26 MP: 4/6
   808 | D:2      | Learned a level 2 spell: Wereblood
   812 | D:2      | Learned a level 3 spell: Spider Form
   986 | D:2      | HP: 6/26 [poisoned by an adder]
   987 | D:2      | HP: 2/26 [poisoned by an adder]
   988 | D:2      | Succumbed to an adder's poison

Vanquished Creatures
  2 adders (D:2)
  2 dart slugs
  2 ball pythons
  2 endoplasms
  A giant cockroach (D:2)
  A goblin (D:2)
  4 hobgoblins (D:1)
  2 quokkas
  A bat (D:2)
  A frilled lizard (D:2)
  A rat (D:1)
19 creatures vanquished.

Table legend:
 A = Non-vault XP
 B = Vault XP
 C = Vault XP percentage of total XP
 D = Non-vault monster count
 E = Vault monster count
 F = Vault count percentage of total count
                 A         B        C        D         E       F
            +---------+---------+-------+---------+---------+-------
      Total |      61 |       0 |   0.0 |      19 |       0 |   0.0
            +---------+---------+-------+---------+---------+-------
        D:1 |      19 |       0 |   0.0 |       9 |       0 |   0.0
        D:2 |      42 |       0 |   0.0 |      10 |       0 |   0.0
            +---------+---------+-------+---------+---------+-------

Skill      XL: |  1  2 |
---------------+-------+-----
Transmutations | 3 |  3.6
Poison Magic   | 1 |  1.8
Fighting       | |  1.1
Dodging        | |  2.6
Unarmed Combat | |  3.2
Spellcasting   | |  2.6

Action                     || total
---------------------------++-------
  Melee: Unarmed           ||    61
         Punch             ||     4
         Headbutt          ||     7
   Cast: Beastly Appendage ||    15
    Use: Scroll            ||     2
         Potion            ||     1
   Stab: Sleeping          ||     1
 Armour: Robe              ||    14
  Dodge: Dodged            ||    31

Illustrated notes

Table legend:
 A = Kills in this place as a percentage of kills in the entire game.
 B = Kills by you in this place as a percentage of kills by you in the entire game.
 C = Kills by friends in this place as a percentage of kills by friends in the entire game.
 D = Other kills in this place as a percentage of other kills in the entire game.
 E = Experience gained in this place as a percentage of experience gained in the entire game.
 F = Experience gained in this place divided by the number of levels of this place that you have seen.
                   A       B       C       D       E      F
               +-------+-------+-------+-------+-------+----------------------
         Total | 100.0 | 100.0 |   N/A |   N/A | 100.0 |  30.5
       Dungeon | 100.0 | 100.0 |   N/A |   N/A | 100.0 |  30.5
               +-------+-------+-------+-------+-------+----------------------

Table legend: (Time is in decaauts)
 A = Elapsed time spent in this place.
 B = Non-inter-level travel time spent in this place.
 C = Inter-level travel time spent in this place.
 D = Time resting spent in this place.
 E = Time spent auto-exploring this place.
 F = Levels seen in this place.
 G = Mean time per level.
                   A        B        C        D        E       F      G
               +--------+--------+--------+--------+--------+-----+--------+
         Total |    983 |    963 |     20 |      0 |    791 |   2 |  491.5 |
       Dungeon |    983 |    963 |     20 |      0 |    791 |   2 |  491.5 |
               +--------+--------+--------+--------+--------+-----+--------+

Top non-repeatable levels by time:
     D:1: 779 daAuts
     D:2: 204 daAuts
